 Dungeon Crawl Stone Soup version 0.31-a0-263-ge8cad7f256 (webtiles) character file.

Game seed: 3935590741263754064

611 horus123 the Changeling (level 7, 0/59 HPs)
             Began as a Purple Draconian Shapeshifter on July 14, 2023.
             Slain by Prince Ribbit (6 damage)
             ... on level 5 of the Dungeon.
             The game lasted 00:07:33 (3829 turns).

horus123 the Changeling (DrSh)                      Turns: 3829, Time: 00:07:34

Health: 0/59       AC:  6    Str: 19    XL:     7   Next: 20%
Magic:  9/9        EV: 12    Int:  9    God:
Gold:   132        SH:  0    Dex: 11    Spells: 9/9 levels left

rFire   . .          .
                       - Unarmed
rCold   . . .        (no shield)
rNeg    . . .        (body armour unavailable)
rPois   .            (helmet currently unavailable)
rElec   .            (cloak currently unavailable)
rCorr   .            (gloves currently unavailable)
SInv    .            (boots currently unavailable)
Will    +....        (no amulet)
Stlth   +            (no ring)
HPRegen 0.29/turn    (no ring)
MPRegen 0.11/turn

%: no passive effects
@: beast-form, slowed, very slow
A: beast (slay +4), breathe power, AC +6, unfitting armour, cold-blooded
a: Breathe Dispelling Energy, Begin Untransformation


You were on level 5 of the Dungeon.
You were a hulking beast.
You visited 1 branch of the dungeon, and saw 5 of its levels.

You collected 132 gold pieces.

Inventory:

Armour
 i - an orb of wrath
Jewellery
 h - an amulet of faith
Talismans
 b - a beast talisman
Scrolls
 e - a scroll of noise {unknown}
 f - a scroll of amnesia {unknown}
 j - a scroll of blinking {unknown}
 k - 2 scrolls of identify {unknown}
 l - a scroll of silence {unknown}
 p - a scroll of revelation {unknown}
Potions
 a - a potion of ambrosia {unknown}
 c - a potion of degeneration {unknown}
 d - a potion of enlightenment {unknown}
 g - 2 potions of might {unknown}
 m - a potion of mutation {unknown}
 n - 2 potions of curing {unknown}
 o - a potion of berserk rage {unknown}


   Skills:
 - Level 4.0 Fighting
 - Level 1.7 Dodging
 - Level 3.2 Unarmed Combat
 + Level 1.8 Spellcasting
 - Level 6.1 Shapeshifting


You had 9 spell levels left.
You didn't know any spells.
Your spell library contained the following spells:

 Spells                   Type           Power      Damage    Failure   Level
 Ensorcelled Hibernation  Hex/Ice        0%         N/A       45%         2
 Lesser Beckoning         Tloc           0%         N/A       45%         2
 Passwall                 Tmut/Erth      0%         N/A       45%         2
 Gell's Gravitas          Tloc           0%         N/A       71%         3
 Swiftness                Air            0%         N/A       71%         3
 Teleport Other           Tloc           0%         N/A       71%         3


Dungeon Overview and Level Annotations

Branches:
Dungeon (5/15)
 Temple: D:4-7

Altars:

Shops:
D:1 **[

Annotations:
D:5 Prince Ribbit


Innate Abilities, Weirdness & Mutations

You are a hulking beast.
Your limbs bulge with bestial killing power. (Slay +4)
You can breathe bolts of dispelling energy.
Your rich purple scales are hard. (AC +6)
You cannot fit into any form of body armour.
You are cold-blooded and may be slowed by cold attacks.


Message History

Prince Ribbit comes into view.
Prince Ribbit croaks.
You completely miss the ice beast.
Your tail-slap misses the ice beast.
The ice beast misses you.
You closely miss Prince Ribbit. Prince Ribbit hits you!
An ufetubus comes into view.
Prince Ribbit barely misses you. The ice beast barely misses you.
You completely miss Prince Ribbit.
The ufetubus shouts!
Your tail-slap misses Prince Ribbit.
Prince Ribbit blinks!
The ice beast hits you but does no damage.
The ice beast attacks as you move away! The ice beast barely misses you.
Prince Ribbit hits you!
You completely miss the ufetubus.
Prince Ribbit hits you but does no damage.
The ufetubus closely misses you.
The ufetubus hits you but does no damage.
Prince Ribbit closely misses you.
You closely miss the ice beast.
The ice beast hits you but does no damage.
The ufetubus hits you but does no damage. x2
Prince Ribbit blinks!
You hit the ice beast.
The ice beast is lightly wounded.
The ufetubus completely misses you. The ufetubus closely misses you.
The ice beast hits you. The ice beast freezes you!
You feel yourself slow down. The ufetubus hits you.
The ufetubus hits you but does no damage.
You hit the ice beast but do no damage.
The ice beast is lightly wounded.
The ufetubus hits you but does no damage.
The ufetubus hits you.
A phantom comes into view.
The ice beast hits you.
* * * LOW HITPOINT WARNING * * *
The ice beast freezes you!
You feel as though you will be slow longer.
* * * LOW HITPOINT WARNING * * *
Prince Ribbit hits you.
You die...

### .... ##...
#....W######.#
......s5hY...#
#.....##F..###
##$.. #.....#
##. ..........
# ###.....###
##..>...
########


You could see Prince Ribbit, an ice beast, a phantom, a scorpion and an
ufetubus.

Vanquished Creatures
  A kobold brigand (D:4)
  A scorpion (D:4)
  The ghost of pigah the Destabilizer, a weakling OpWn (D:3)
  2 hounds (D:4)
  A gnoll bouda (D:3)
  Crazy Yiuf (D:2)
  2 sleepcaps (D:4)
  Jessica (D:2)
  An iguana (D:4)
  An orc wizard (D:3)
  8 adders
  A worm (D:2)
  7 orcs (D:3)
  10 endoplasms
  5 giant cockroaches
  11 goblins
  14 hobgoblins
  3 jackals (D:3)
  3 quokkas
  7 ball pythons
  7 bats
  8 frilled lizards
  12 kobolds
  12 rats
120 creatures vanquished.

Notes
Turn   | Place    | Note
-------+----------+-------------------------------------------
     0 | D:1      | horus123 the Draconian Shapeshifter began the quest for the
                  | Orb.
     0 | D:1      | Reached XP level 1. HP: 17/17 MP: 1/1
   133 | D:1      | Reached XP level 2. HP: 26/26 MP: 2/2
   246 | D:1      | Found Juimne Peab's Assorted Antiques.
   296 | D:1      | Found Veang's Armour Shop.
   436 | D:1      | Reached XP level 3. HP: 31/33 MP: 3/3
   684 | D:1      | Found Ecougim's General Store.
  1007 | D:2      | Found a runed translucent door.
  1008 | D:2      | Noticed Crazy Yiuf
  1016 | D:2      | Killed Crazy Yiuf
  1017 | D:2      | Reached XP level 4. HP: 12/40 MP: 4/4
  1288 | D:2      | Noticed Jessica
  1294 | D:2      | Killed Jessica
  1295 | D:2      | Reached skill level 4 in Shapeshifting
  1572 | D:2      | You fall into a shaft and drop 2 floors!
  1584 | D:4      | Reached XP level 5. HP: 46/46 MP: 5/5
  1697 | D:4      | Reached skill level 5 in Shapeshifting
  2184 | D:3      | Found a runed translucent door.
  2186 | D:3      | Noticed pigah's ghost (weakling OpWn)
  2208 | D:3      | Killed pigah's ghost
  2209 | D:3      | Reached XP level 6. HP: 35/52 MP: 6/6
  3000 | D:3      | Reached skill level 6 in Shapeshifting
  3281 | D:4      | Your scales start taking on a rich purple colour.
  3281 | D:4      | Reached XP level 7. HP: 47/59 MP: 7/7
  3475 | D:4      | Reached skill level 1 in Spellcasting
  3819 | D:5      | Entered Level 5 of the Dungeon
  3821 | D:5      | Noticed Prince Ribbit
  3829 | D:5      | Slain by Prince Ribbit

Illustrated notes

Levels and vault maps discovered:
D:1:      saegor_arrival_miasma, layout_loops_ring, serial_shops,
          nicolae_shop_back_alley_shop, shop_fountains, shop
D:2:      layout_loops_ring, serial_glass, glass_columns_a, glass_columns_c,
          item_on_display_a, uniq_crazy_yiuf_cottage, uniq_jessica
D:3:      minmay_recursive_quarters, layout_basic, ebering_ghost_sewer_d,
          serial_glass, glass_columns_b, glass_columns_a,
          lexackson_kobold_supper
D:4:      layout_cave_pools, moated_statue
D:5:      layout_loops_ring, uniq_pikel, uniq_prince_ribbit1, uniq_grinder

Skill      XL: |  1  2  3  4  5  6  7 |
---------------+----------------------+-----
Fighting       | 3 4 |  4.0
Shapeshifting  | 4 5 6 |  6.1
Unarmed Combat | 3 |  3.2
Spellcasting   | 1 |  1.8
Dodging        | |  1.7

Action                     |  1- 3 |  4- 6 |  7- 9 || total
---------------------------+-------+-------+-------++-------
  Melee: Unarmed           |   119 |   248 |    38 ||   405
         Tailslap          |    12 |    24 |     6 ||    42
         Punch             |     3 |     3 |       ||     6
    Use: Potion            |       |     1 |       ||     1
   Stab: Sleeping          |     3 |     1 |     2 ||     6
 Armour: Skin              |    30 |   102 |    18 ||   150
  Dodge: Dodged            |    49 |   150 |    17 ||   216

Table legend: (Time is in decaauts)
 A = Elapsed time spent in this place.
 B = Non-inter-level travel time spent in this place.
 C = Inter-level travel time spent in this place.
 D = Time resting spent in this place.
 E = Time spent auto-exploring this place.
 F = Levels seen in this place.
 G = Mean time per level.
                   A        B        C        D        E       F      G
               +--------+--------+--------+--------+--------+-----+--------+
         Total |   3906 |   3809 |     97 |    722 |   2249 |   5 |  781.2 |
       Dungeon |   3906 |   3809 |     97 |    722 |   2249 |   5 |  781.2 |
               +--------+--------+--------+--------+--------+-----+--------+

Top non-repeatable levels by time:
     D:3: 1337 daAuts
     D:2: 994 daAuts
     D:1: 809 daAuts
     D:4: 755 daAuts
     D:5: 9 daAuts
